 Dungeon Crawl Stone Soup version 0.29.0-4-gdea44cf6ec (webtiles) character file.

Game seed: 2273862114491172163

61 qw the Chopper (level 4, -4/26 HPs)
             Began as a Tengu Warper on Aug 28, 2022.
             Killed from afar by a dart slug (6 damage)
             ... with a slug dart
             ... on level 2 of the Dungeon.
             The game lasted 00:00:08 (1147 turns).

qw the Chopper (Tengu Warper)                       Turns: 1147, Time: 00:00:08

Health: -4/26      AC:  7    Str: 13    XL:     4   Next: 7%
Magic:  8/8        EV: 11    Int: 13    God:
Gold:   48         SH:  0    Dex: 14    Spells: 7/7 levels left

rFire   . . .      SeeInvis .   Y - +0 hand axe
rCold   . . .      Faith    .   (no shield)
rNeg    . . .      Spirit   .   e - +0 ring mail
rPois   .          Reflect  .   (helmet restricted)
rElec   .          Harm     .   (no cloak)
rCorr   .          Rampage  .   j - +1 pair of gloves
Will    .....                   (boots unavailable)
Stlth   +.........              (no amulet)
HPRegen 0.08/turn               (no ring)
MPRegen 0.11/turn               (no ring)

@: lethally poisoned (-4 -> -25)
A: beak, talons 3
a: no special abilities


You were on level 2 of the Dungeon.
You visited 1 branch of the dungeon, and saw 2 of its levels.

You collected 48 gold pieces.


Innate Abilities, Weirdness & Mutations

You have a beak for a mouth.
You have claws for feet.


   Skills:
 - Level 2.0 Fighting
 + Level 4.6 Axes
 - Level 1.0 Throwing
 - Level 1.1 Armour
 - Level 2.1 Dodging
 - Level 2.0 Spellcasting
 - Level 2.4 Translocations


You had 7 spell levels left.
You didn't know any spells.
Your spell library contained the following spells:

 Spells                   Type           Power      Damage    Failure   Level
 Blink                    Tloc           14%        N/A       30%         2
 Gell's Gravitas          Tloc           7%         N/A       52%         3
 Lesser Beckoning         Tloc           7%         N/A       52%         3
 Teleport Other           Tloc           7%         N/A       52%         3
 Manifold Assault         Tloc           7%         N/A       99%         5

Inventory:

Hand Weapons
 f - a +0 whip
 Y - a +0 hand axe (weapon)
Armour
 e - a +0 ring mail (worn)
 j - a +1 pair of gloves (worn)
Scrolls
 a - a scroll of vulnerability {unknown}
Potions
 b - a potion of haste {unknown}
 g - a potion of flight {unknown}
 h - a potion of berserk rage {unknown}

Dungeon Overview and Level Annotations

Branches:
Dungeon (2/15)

Altars:


Message History

The slug dart misses you.
You completely miss the orc. You peck the orc.
You kill the orc!
You closely miss the orc. The orc barely misses you.
You hit the orc.
The orc is moderately wounded.
The orc misses you. The orc barely misses you.
You hit the orc.
The orc is severely wounded.
The orc hits you with a +0 flail.
You closely miss the orc. Your peck misses the orc.
The orc is severely wounded.
The orc hits you but does no damage.
You closely miss the orc. Your kick misses the orc.
The orc is severely wounded.
The orc hits you but does no damage.
You closely miss the orc. Your peck misses the orc.
The orc is severely wounded.
You barely miss the goblin. The orc closely misses you.
The goblin hits you with a +2 dagger of venom.
You are lethally poisoned!
You completely miss the orc. You claw the orc, but do no damage.
The orc is severely wounded.
You barely miss the goblin.
You feel very sick. The dart slug launches a dart at you.
The slug dart misses you. The orc hits you with a +0 flail.
The goblin barely misses you.
You closely miss the orc. You claw the orc, but do no damage.
Your peck misses the orc.
The orc is severely wounded.
You barely miss the goblin.
You feel very sick. The orc hits you with a +0 flail.
The goblin hits you but does no damage.
You are more poisoned.
The dart slug launches a dart at you. The slug dart hits you.
You die...

........## # # ..........
.##. .....o... ...#
......... #..##...)....
#... #.#..o...... #...
######....##w...#..####..#
#^......o)................
#.......#@g##.............
#........)................
#.......##................
..........................
..........................
..........................
................#######'##
................# #.#
.........###....# #####.##


You could see a dart slug, 2 orcs and a goblin.

Vanquished Creatures
  2 adders (D:2)
  A dart slug (D:1)
  2 orcs (D:2)
  2 ball pythons
  7 endoplasms (D:1)
  2 giant cockroaches (D:1)
  A goblin (D:1)
  A hobgoblin (D:2)
  4 kobolds
  2 quokkas (D:1)
  7 bats
  A frilled lizard (D:1)
  4 rats
36 creatures vanquished.

Notes
Turn   | Place    | Note
-------+----------+-------------------------------------------
     0 | D:1      | qw the Tengu Warper began the quest for the Orb.
     0 | D:1      | Reached XP level 1. HP: 12/12 MP: 4/4
     0 | D:1      | 0 ||| qw: Version: 0.1-a-89-g26bdef1
     0 | D:1      | 0 ||| qw: Game counter: 2035
     0 | D:1      | 0 ||| qw: Always use a shield: true
     0 | D:1      | 0 ||| qw: God list: Okawaru
     0 | D:1      | 0 ||| qw: Allow faded altars: false
     0 | D:1      | 0 ||| qw: Do Orc after D:15 true
     0 | D:1      | 0 ||| qw: Do second Lair branch before Depths: true
     0 | D:1      | 0 ||| qw: Lair rune preference: random
     0 | D:1      | 0 ||| qw: Plans: Normal
     0 | D:1      | 0 ||| PLANNING D:1-11
    65 | D:1      | Reached skill level 3 in Axes
    65 | D:1      | Reached XP level 2. HP: 10/17 MP: 6/6
   187 | D:1      | Found a faded altar of an unknown god.
   455 | D:1      | 455 ||| Stepping ~*~*~tactically~*~*~ (stealth).
   457 | D:1      | 457 ||| Stepping ~*~*~tactically~*~*~ (stealth).
   557 | D:1      | Reached XP level 3. HP: 21/21 MP: 7/7
   759 | D:1      | Reached skill level 4 in Axes
   899 | D:1      | 899 ||| UPGRADING to +0 ring mail.
   909 | D:1      | 909 ||| DROPPING +0 leather armour.
   910 | D:1      | 910 ||| UPGRADING to +1 pair of gloves.
   915 | D:1      | 915 ||| READING scroll labelled IPETWACE BEEG.
   918 | D:1      | 918 ||| READING scroll labelled YNAMOR KOY.
   919 | D:1      | 919 ||| DROPPING scroll of blinking.
  1127 | D:2      | Reached XP level 4. HP: 26/26 MP: 8/8
  1127 | D:2      | 1127 ||| Stepping ~*~*~tactically~*~*~ (stealth).
  1130 | D:2      | 1130 ||| Stepping ~*~*~tactically~*~*~ (stealth).
  1132 | D:2      | 1132 ||| Stepping ~*~*~tactically~*~*~ (stealth).
  1133 | D:2      | 1133 ||| Stepping ~*~*~tactically~*~*~ (stealth).
  1134 | D:2      | 1134 ||| Stepping ~*~*~tactically~*~*~ (stealth).
  1135 | D:2      | 1135 ||| Stepping ~*~*~tactically~*~*~ (stealth).
  1136 | D:2      | 1136 ||| Stepping ~*~*~tactically~*~*~ (hiding).
  1138 | D:2      | 1138 ||| Stepping ~*~*~tactically~*~*~ (stealth).
  1147 | D:2      | HP: 4/26 [poisoned by a goblin]
  1147 | D:2      | Killed from afar by a dart slug

Levels and vault maps discovered:
D:1:      nicolae_arrival_somewhat_less_tricky_arrival, layout_rooms,
          hellmonk_ecumenical_altar_zigzags
D:2:      layout_rooms, basic_altar, minmay_door_square, grunt_ministairs_15

Skill      XL: |  1  2  3 |
---------------+----------+-----
Axes           | 3 4 |  4.6
Fighting       | |  2.0
Throwing       | |  1.0
Armour         | |  1.1
Dodging        | |  2.1
Spellcasting   | |  2.0
Translocations | |  2.4

Action                   |  1- 3 |  4- 6 || total
-------------------------+-------+-------++-------
Melee: Hand axe          |    66 |    12 ||    78
       Kick              |    23 |     3 ||    26
       Peck              |     6 |     3 ||     9
       Punch             |     1 |       ||     1
Throw: Boomerang         |     7 |       ||     7
  Use: Scroll            |     2 |       ||     2
Armor: Leather armour    |    12 |       ||    12
       Ring mail         |    12 |     3 ||    15
Dodge: Dodged            |    29 |     8 ||    37

Table legend:
 A = Non-vault XP
 B = Vault XP
 C = Vault XP percentage of total XP
 D = Non-vault monster count
 E = Vault monster count
 F = Vault count percentage of total count
                 A         B        C        D         E       F
            +---------+---------+-------+---------+---------+-------
      Total |      88 |       0 |   0.0 |      36 |       0 |   0.0
            +---------+---------+-------+---------+---------+-------
        D:1 |      45 |       0 |   0.0 |      26 |       0 |   0.0
        D:2 |      43 |       0 |   0.0 |      10 |       0 |   0.0
            +---------+---------+-------+---------+---------+-------
